 Dungeon Crawl Stone Soup version 0.23.2-40-g277498a001 (webtiles) character file.

Game seed: 13438002971338287611

4460 FishyPogo the Conjurer (level 10, 0/74 (75) HPs)
             Began as a Naga Conjurer on Aug 13, 2019.
             Was a Priest of Vehumet.
             Slain by a two-headed ogre
             ... wielding a +0 giant spiked club
              (15 damage)
             ... on level 9 of the Dungeon.
             The game lasted 01:10:12 (9219 turns).

FishyPogo the Conjurer (Naga Conjurer)              Turns: 9219, Time: 01:10:13

HP:   0/74 (75)     AC:  7    Str:  8 (11) XL:     10   Next: 37%
MP:   13/20         EV: 11    Int: 15 (17) God:    Vehumet [***...]
Gold: 494           SH:  4    Dex: 10 (13) Spells: 4/23 levels left

rFire    + . .     SeeInvis +   b - +2 long sword (flame)
rCold    + . .     Gourm    .   S - +0 buckler
rNeg     . . .     Faith    .   R - +1 robe {rC+ rF+}
rPois    +         Spirit   .   (no helmet)
rElec    .         Reflect  .   C - +0 cloak
rCorr    .         Harm     .   G - +0 pair of gloves
MR       +....                  (no barding)
Stlth    +++.......             (no amulet)
HPRegen  0.22/turn              W - ring of wizardry
MPRegen  0.17/turn              z - ring of see invisible

@: about to teleport, very slow
A: large, see invisible, deformed body, poison resistance, slowness 2, slow
metabolism 1, spit poison 1, AC +3
a: Spit Poison, Renounce Religion


You were on level 9 of the Dungeon.
You worshipped Vehumet.
Vehumet was most pleased with you.
You were very hungry.

You visited 1 branch of the dungeon, and saw 9 of its levels.
You also visited: Sewer.

You collected 494 gold pieces.

Inventory:

Hand Weapons
 a - a +3 dagger
 b - a +2 long sword of flaming (weapon)
Missiles
 A - 27 stones (quivered)
Armour
 t - a +2 robe of magic resistance
 C - a +0 cloak (worn)
 G - a +0 pair of gloves (worn)
 R - a +1 robe of resistance (worn)
 S - a +0 buckler (worn)
Jewellery
 m - an uncursed ring of ice
 r - an uncursed ring of flight
 v - an uncursed amulet of magic regeneration {unknown}
 z - a ring of see invisible (right hand)
 W - a ring of wizardry (left hand)
Wands
 i - a wand of flame (16)
 p - a wand of clouds (6)
Scrolls
 d - a scroll of remove curse
 l - a scroll of teleportation
 s - 9 scrolls of identify
 u - 2 scrolls of vulnerability {unknown}
 x - a scroll of enchant weapon {unknown}
 y - a scroll of fog
 D - a scroll of amnesia {unknown}
Potions
 e - 3 potions of heal wounds
 f - a potion of brilliance {unknown}
 g - a potion of flight
 h - 3 potions of curing
 j - a potion of might {unknown}
 k - a potion of degeneration
 n - a potion of haste {unknown}
 o - a potion of magic {unknown}
 B - a potion of lignification {unknown}
Comestibles
 c - 21 rations


   Skills:
 - Level 3.0(3.8) Short Blades
 - Level 3.4(4.0) Long Blades
 - Level 4.0 Dodging
 - Level 6.0 Stealth
 - Level 2.4 Shields
 * Level 7.0 Spellcasting
 - Level 7.0 Conjurations
 * Level 4.4 Summonings
 - Level 2.0 Translocations
 - Level 2.0 Fire Magic
 * Level 4.9 Ice Magic
 * Level 0.7 Air Magic
 - Level 2.1 Evocations


You had 4 spell levels left.
You knew the following spells:

 Your Spells              Type           Power        Failure   Level  Hunger
a - Magic Dart            Conj           ####         1%          1    None
b - Freeze                Ice            ###.         1%          1    None
c - Throw Flame           Conj/Fire      ###...       1%          2    None
d - Force Lance           Conj/Tloc      ###.....     2%          4    ####...
e - Iskenderun's Mystic   Conj           ####....     1%          4    ####...
f - Summon Lightning Spi  Summ/Air       ##......     17%         4    ####...
g - Stone Arrow           Conj/Erth      ###...       1%          3    ##.....

Your spell library contained the following spells:

 Spells                   Type           Power        Failure   Level  Hunger
 Summon Small Mammal      Summ           ###.         1%          1    None
 Call Imp                 Summ           ###.....     1%          2    None
 Searing Ray              Conj           ####..       1%          2    None
 Dazzling Spray           Conj/Hex       ###...       1%          3    ##.....
 Call Canine Familiar     Summ           ###.....     2%          3    ##.....
 Fulminant Prism          Conj/Hex       ###.......   3%          4    ####...
 Summon Guardian Golem    Hex/Summ       ##......     6%          3    ##.....
 Summon Ice Beast         Ice/Summ       ###.....     8%          4    ####...


Dungeon Overview and Level Annotations

Branches:
Dungeon (9/15)             Temple (0/1) D:7
   Lair: D:8-11         Orc: D:9-12

Altars:
Ashenzari
Cheibriados
Fedhas
Makhleb
Nemelex Xobeh
Okawaru
Qazlal
Ru
Trog
Vehumet
Yredelemnul
Zin
The Shining One

Shops:
D:5 (

Annotations:
D:3 2 transporters, terix's ghost, weakling DsNe
D:7 2 transporters, Harold; evildog's ghost, novice DDFi
D:9 2 transporters, jerry414's ghost, novice DEFE


Innate Abilities, Weirdness & Mutations

You cannot wear boots.
Your serpentine skin is tough. (AC +3)
You have supernaturally acute eyesight. (SInv)
Armour fits poorly on your strangely shaped body.
Your system is resistant to poisons. (rPois)
You cover ground very slowly.
You have a slow metabolism.
You can spit poison.


Message History

Items here: ( )) [ รทรท
Things that are here:
an arrow; a cursed -1 dagger; a +0 robe You see here 5 arrows.
The two-headed ogre hits you with a +0 giant spiked club!
You block the two-headed ogre's attack.
You see here 3 arrows.
The two-headed ogre hits you with a +0 giant spiked club!
* * * LOW HITPOINT WARNING * * *
The two-headed ogre barely misses you.
The bullfrog swells and bulges.
The two-headed ogre closely misses you.
The two-headed ogre hits you with a +0 giant spiked club!
* * * LOW HITPOINT WARNING * * *
There is a stone staircase leading up here.
Your magical contamination has completely faded away.
As you read the scroll of teleportation, it crumbles to dust.
You feel strangely unstable.
The two-headed ogre hits you with a +0 giant spiked club!
You die...

#.###......###.........#
... #.##.#......####.#.#
#### #.# ...### #.#....
#.# ##.# #.###.# #.# #.#
. ###.# #.#
###########.####.# ..
#...###.# .)((...(.....


You could see a two-headed ogre and a bullfrog.

Vanquished Creatures
  Pikel (D:5)
  A cyclops (D:8)
  Prince Ribbit (D:6)
  Grinder (D:6)
  A spriggan (D:7)
  A wyvern (D:8)
  A hungry ghost (D:7)
  2 phantoms
  5 sky beasts
  4 slaves (D:5)
  A necrophage (D:9)
  3 ice beasts
  An ogre (D:5)
  A centaur (D:9)
  2 big kobolds
  Blork the orc (D:6)
  A bullfrog (D:8)
  A wyvern zombie (D:6)
  A wyvern skeleton (D:7)
  5 scorpions
  A jelly (D:7)
  2 crimson imps
  A quasit (D:7)
  A hound (D:9)
  5 orc wizards
  3 orc priests
  A bullfrog skeleton (D:5)
  A centaur skeleton (D:5)
  An iguana (D:4)
  12 worker ants
  A hound skeleton (D:5)
  A worker ant zombie (D:8)
  A howler monkey skeleton (D:6)
  10 adders
  A river rat (Sewer)
  A shadow imp (D:8)
  An adder skeleton (D:4)
  5 worms
  11 leopard geckos
  11 orcs
  6 giant cockroaches
  7 hobgoblins
  12 jackals
  13 kobolds
  3 quokkas
  3 ball pythons
  8 bats
  4 frilled lizards
  A quokka skeleton (D:5)
  15 rats
178 creatures vanquished.

Vanquished Creatures (others)
  An orc wizard (D:9)
1 creature vanquished.

Grand Total: 179 creatures vanquished

Notes
Turn   | Place    | Note
-------+----------+-------------------------------------------
     0 | D:1      | FishyPogo the Naga Conjurer began the quest for the Orb.
     0 | D:1      | Reached XP level 1. HP: 15/15 MP: 3/3
   302 | D:1      | Reached XP level 2. HP: 22/22 MP: 0/5
   361 | D:1      | Found a shattered altar of Ashenzari.
   694 | D:2      | Reached XP level 3. HP: 24/28 MP: 4/6
  1078 | D:2      | Reached XP level 4. HP: 36/36 MP: 4/7
  1241 | D:2      | Found a radiant altar of Vehumet.
  1410 | D:2      | Became a worshipper of Vehumet
  1704 | D:3      | Found a glowing drain.
  1731 | Sewer    | Entered a sewer
  1791 | Sewer    | Noticed a big kobold
  1798 | Sewer    | Reached XP level 5. HP: 37/42 MP: 0/8
  1817 | Sewer    | Killed a big kobold
  1817 | Sewer    | Reached * piety under Vehumet
  1817 | Sewer    | Offered knowledge of Freeze by Vehumet.
  1817 | Sewer    | Reached skill level 1 in Short Blades
  1817 | Sewer    | Reached skill level 5 in Conjurations
  1820 | Sewer    | Learned a level 1 spell: Freeze
  1842 | Sewer    | Found a white marble altar of Elyvilon.
  1975 | D:3      | Found a transporter.
  2213 | D:3      | Found a blossoming altar of Fedhas.
  2292 | D:3      | Found a glowing silver altar of Zin.
  2377 | D:3      | Noticed terix's ghost (weakling DsNe)
  2389 | D:3      | Found a transporter.
  2660 | D:4      | Reached XP level 6. HP: 49/49 MP: 6/10
  3019 | D:4      | Found an iron altar of Okawaru.
  3579 | D:4      | Learned a level 4 spell: Iskenderun's Mystic Blast
  3584 | D:4      | Learned a level 4 spell: Force Lance
  3622 | D:5      | Entered Level 5 of the Dungeon
  3770 | D:5      | Reached skill level 1 in Ice Magic
  3810 | D:5      | Found a bloodstained altar of Trog.
  3877 | D:5      | Found Wyutex's Antique Weapon Boutique.
  3890 | D:5      | Noticed a slave
  3907 | D:5      | Reached XP level 7. HP: 44/55 MP: 3/12
  4025 | D:5      | Noticed Pikel
  4039 | D:5      | Killed Pikel
  4039 | D:5      | Reached skill level 5 in Stealth
  4039 | D:5      | Reached XP level 8. HP: 55/62 MP: 12/14
  4073 | D:5      | Found a glowing golden altar of the Shining One.
  4291 | D:5      | Offered knowledge of Throw Flame by Vehumet.
  4295 | D:5      | Learned a level 2 spell: Throw Flame
  4325 | D:5      | Reached ** piety under Vehumet
  4615 | D:5      | Reached skill level 1 in Shields
  4734 | D:6      | Reached skill level 1 in Evocations
  5408 | D:6      | Reached skill level 5 in Spellcasting
  5552 | D:6      | Noticed Grinder
  5567 | D:6      | Paralysed by Grinder for 3 turns
  5570 | D:6      | Killed Grinder
  5570 | D:6      | Reached skill level 1 in Translocations
  5570 | D:6      | Reached skill level 1 in Fire Magic
  5570 | D:6      | Reached XP level 9. HP: 68/68 MP: 16/16
  5621 | D:6      | Found a snail-covered altar of Cheibriados.
  5689 | D:6      | Noticed Blork the orc
  5703 | D:6      | Killed Blork the orc
  5802 | D:6      | Noticed Prince Ribbit
  5812 | D:6      | Killed Prince Ribbit
  5812 | D:6      | Reached skill level 1 in Long Blades
  5942 | D:7      | Found a transporter.
  5958 | D:7      | Learned a level 4 spell: Summon Lightning Spire
  6030 | D:7      | Reached skill level 1 in Summonings
  6217 | D:7      | Offered knowledge of Stone Arrow by Vehumet.
  6495 | D:7      | Noticed evildog's ghost (novice DDFi)
  6500 | D:7      | Found a transporter.
  6639 | D:7      | Found a burning altar of Makhleb.
  6645 | D:7      | Found a sparkling altar of Nemelex Xobeh.
  6646 | D:7      | Found a stormy altar of Qazlal.
  6650 | D:7      | Found a sacrificial altar of Ru.
  6650 | D:7      | Found a blossoming altar of Fedhas.
  6655 | D:7      | Found a basalt altar of Yredelemnul.
  6776 | D:7      | Noticed Harold
  6798 | D:7      | HP: 2/68 [Harold/+0 scimitar (7)]
  7179 | D:7      | Found a staircase to the Ecumenical Temple.
  7441 | D:8      | Noticed a cyclops
  7593 | D:8      | Reached XP level 10. HP: 75/75 MP: 19/19
  7867 | D:8      | Reached *** piety under Vehumet
  8135 | D:8      | Killed a cyclops
  8417 | D:9      | Learned a level 3 spell: Stone Arrow
  8509 | D:9      | Noticed jerry414's ghost (novice DEFE)
  8511 | D:9      | Found a transporter.
  8514 | D:9      | Found a transporter.
  8531 | D:9      | Noticed a two-headed ogre
  8897 | D:9      | HP: 3/74 [hound (5)]
  9189 | D:9      | Noticed a two-headed ogre
  9219 | D:9      | Slain by a two-headed ogre

Skill      XL: |  1  2  3  4  5  6  7  8  9 10 |
---------------+-------------------------------+-----
Dodging        | 2 3 4 |  4.0
Stealth        | 4 5 6 |  6.0
Short Blades   | 1 2 3 |  3.0
Conjurations   | 5 6 7 |  7.0
Spellcasting   | 3 4 5 6 7 |  7.0
Ice Magic      | 1 3 4 |  4.9
Shields        | 2 |  2.4
Evocations     | 1 2 |  2.1
Translocations | 1 2 |  2.0
Fire Magic     | 1 2 |  2.0
Long Blades    | 3 |  3.4
Summonings     | 3 4 |  4.4
Air Magic      | |  0.7

Action                   |  1- 3 |  4- 6 |  7- 9 | 10-12 || total
-------------------------+-------+-------+-------+-------++-------
Melee: Unarmed           |     6 |       |       |       ||     6
       Spear             |    27 |       |       |       ||    27
       Dagger            |     1 |    85 |   176 |    11 ||   273
       Long sword        |       |       |       |    35 ||    35
 Cast: Magic Dart        |    36 |    75 |   109 |    22 ||   242
       Freeze            |       |     4 |    22 |    41 ||    67
       Throw Flame       |       |       |    11 |    16 ||    27
       Force Lance       |       |       |     8 |     1 ||     9
       Summon Lightning  |       |       |     1 |     2 ||     3
 Abil: Spit Poison       |    24 |    28 |    55 |     8 ||   115
  Use: Scroll            |       |     7 |     2 |     2 ||    11
       Potion            |       |     1 |     3 |     4 ||     8
 Stab: Sleeping          |       |     8 |     7 |     1 ||    16
       Distracted        |       |       |     1 |       ||     1
  Eat: Chunk             |     2 |    10 |    15 |     6 ||    33
Armor: Robe              |    15 |    26 |    51 |    47 ||   139
Dodge: Dodged            |    16 |    36 |    82 |    73 ||   207
Block: Buckler           |       |       |    34 |    25 ||    59
       Rpst.: Long sword |       |       |       |     7 ||     7
